 Dungeon Crawl Stone Soup version 0.28.0-53-g5a82cb258f (webtiles) character file.

Game seed: 16411807761170355639

11102 Gabide the Quickloader (level 11, -2/94 HPs)
             Began as a Deep Dwarf Hunter on May 26, 2022.
             Was the Champion of Zin.
             Slain by a skeletal warrior
             ... wielding a +0 short sword
             ... led by a skeletal warrior
              (11 damage)
             ... on level 10 of the Dungeon.
             The game lasted 00:33:59 (8618 turns).

Gabide the Quickloader (Deep Dwarf Hunter)          Turns: 8618, Time: 00:34:00

Health: -2/94      AC: 16    Str: 18    XL:     11   Next: 44%
Magic:  6/6        EV: 16    Int: 14    God:    Zin [******]
Gold:   130        SH:  0    Dex: 19    Spells: 10/10 levels left

rFire   . . .      SeeInvis .   A - +3 battleaxe (protect)
rCold   . . .      Faith    .   (shield currently unavailable)
rNeg    . . .      Spirit   .   x - +4 ring mail
rPois   ∞          Reflect  .   l - +0 helmet
rElec   .          Harm     .   h - +0 cloak
rCorr   .          Rampage  .   (no gloves)
Will    +....                   o - +1 pair of boots
Stlth   +.........              (no amulet)
HPRegen 0.00/turn               (no ring)
MPRegen 0.10/turn               (no ring)

@: vitalised
A: damage resistance, heal wounds, sense surroundings 2, no regeneration
a: Heal Wounds, Renounce Religion, Recite, Vitalisation, Imprison, Sanctuary,
Donate Gold


You were on level 10 of the Dungeon.
You worshipped Zin.
Zin was exalted by your worship.
You visited 1 branch of the dungeon, and saw 11 of its levels.
You also visited: Ossuary.

You collected 587 gold pieces.
You spent 123 gold pieces at shops.
You donated 334 gold pieces to Zin.

Inventory:

Hand Weapons
 a - a +1 hand crossbow
 i - a +0 dagger of electrocution
 s - a +2 vorpal war axe
 A - a +3 battleaxe of protection (weapon)
Missiles
 d - 17 bolts
Armour
 h - a +0 cloak (worn)
 l - a +0 helmet (worn)
 n - the +2 leather armour "Xifiluch" {+Inv rCorr}
   (You found it on level 4 of the Dungeon)

   +Inv:      It lets you turn invisible.
   rCorr:     It protects you from acid and corrosion.
 o - a +1 pair of boots (worn)
 x - a +4 ring mail (worn)
 G - +0 acid dragon scales
Jewellery
 D - an amulet of the acrobat
Wands
 m - a wand of paralysis (1)
Scrolls
 t - 5 scrolls of teleportation
 u - a scroll of torment
 w - a scroll of amnesia
 y - 3 scrolls of fog
 B - a scroll of identify
 C - a scroll of fear
Potions
 b - 3 potions of might
 c - a potion of flight
 e - a potion of attraction
 f - a potion of ambrosia
 g - a potion of brilliance
 j - 7 potions of curing
 k - 2 potions of resistance
 p - 3 potions of invisibility
 q - 2 potions of heal wounds
 r - 2 potions of mutation
 v - a potion of haste
 z - 3 potions of berserk rage
 F - a potion of magic


   Skills:
 - Level 5.0 Fighting
 - Level 6.0 Axes
 - Level 12.0 Crossbows
 - Level 10.0 Armour
 + Level 9.4 Dodging
 - Level 1.2 Stealth
 - Level 6.0 Invocations


You had 10 spell levels left.
You didn't know any spells.
Your spell library contained the following spells:

 Spells                   Type           Power      Damage    Failure   Level
 Ozocubu's Armour         Ice            0%         N/A       80%         3
 Fireball                 Conj/Fire      0%         3d3       100%        5
 Iskenderun's Battlesphe  Conj           0%         2d6       100%        5
 Conjure Ball Lightning   Conj/Air       0%         3x3d6     100%        6
 Orb of Destruction       Conj           0%         9d5       100%        7
 Ozocubu's Refrigeration  Ice            0%         4d5       100%        7


Dungeon Overview and Level Annotations

Branches:
Dungeon (11/15)            Temple (0/1) D:5            Lair (0/6) D:11
Ossuary (visited)
    Orc: D:9-12

Altars:
Ashenzari
Cheibriados
Fedhas
Qazlal
Trog
Xom
Zin
The Shining One

Shops:
D:8 ?

Annotations:
D:6 3 runed translucent doors, Gabide's ghost, weakling BaDe; drbro's ghost, novice FoFi


Innate Abilities, Weirdness & Mutations

You are resistant to damage.
You can heal yourself by infusing magical energy.
You passively map the area around you.
You do not regenerate.


Message History

The skeletal warrior hits you with a +0 short sword.
You barely miss the skeletal warrior.
The skeletal warrior is moderately damaged.
The skeletal warrior hits you with a +0 short sword!
The skeletal warrior hits you with a +0 short sword!!
Okay, then.
Activating: Recite (0% risk of failure)
Press: ? - help, Dir - look around, f - activate You clear your throat and prepare to recite. "Zin descended from on high in a silver chariot..."
The skeletal warrior is smitten by the wrath of Zin.
The skeletal warrior is moderately damaged.
The skeletal warrior closely misses you.
You hit the skeletal warrior.
Your weapon exudes an aura of protection.
The skeletal warrior is moderately damaged. "...to censure the servants of Hell for their..."
The skeletal warrior hits you with a +0 short sword.
You barely miss the skeletal warrior.
The skeletal warrior is moderately damaged. "...blasphemy, and thus judgement was rendered."
You finish reciting Anathema 26:32.
The skeletal warrior barely misses you.
The skeletal warrior hits you with a +0 short sword.
You hit the skeletal warrior.
The skeletal warrior is heavily damaged.
The skeletal warrior hits you with a +0 short sword!
You hit the skeletal warrior but do no damage.
The skeletal warrior is heavily damaged.
The skeletal warrior hits you with a +0 short sword!
* * * LOW HITPOINT WARNING * * *
The skeletal warrior hits you with a +0 short sword!
* * * LOW HITPOINT WARNING * * *
You are ready to recite again.
You barely miss the skeletal warrior.
The skeletal warrior is moderately damaged.
The skeletal warrior hits you with a +0 short sword!
* * * LOW HITPOINT WARNING * * *
The skeletal warrior hits you with a +0 short sword!
You die...

#.### ##.## ###.########
#..# #÷÷......}.# #.##
#>÷......>.# ###'#######
#..........# #.......#..
#..........# ###.(.....'.#
#..........#####.'.......###
#..........#.....#.......#
#.........z@.#####.......#
#..........### #.......#
############ #########


You could see a skeletal warrior (corona).

Vanquished Creatures
  A boulder beetle (D:11)
  2 two-headed ogres
  An elephant (D:10)
  Maggie (D:9)
  2 trolls
  3 shadows
  11 yaks
  Sigmund (D:3)
  A wraith (D:10)
  A basilisk (D:10)
  3 wyverns
  A water moccasin (D:5)
  2 orc warriors
  2 ice beasts
  5 black bears
  A necrophage (D:6)
  3 ogres
  4 centaurs
  2 elf zombies (Ossuary)
  A kobold brigand (D:8)
  3 bullfrogs
  A water moccasin zombie (D:7)
  2 wyvern zombies
  2 scorpions
  14 killer bees
  3 wights (D:8)
  3 howler monkeys
  3 centaur zombies
  3 hounds
  A bullfrog zombie (D:6)
  A jelly (D:5)
  3 orc priests
  A gnoll shaman (D:8)
  Crazy Yiuf (D:3)
  A centaur skeleton (D:4)
  A bullfrog skeleton (D:4)
  2 iguanas
  Terence (D:3)
  4 mummies (Ossuary)
  Robin (D:3)
  12 gnolls
  A howler monkey zombie (D:7)
  9 adders
  2 howler monkey skeletons
  3 white imps
  2 ufetubi (D:5)
  An adder zombie (Ossuary)
  A worm (D:3)
  2 dart slugs (D:2)
  17 orcs
  3 endoplasms
  3 giant cockroaches
  12 goblins
  6 hobgoblins
  3 quokkas
  3 ball pythons
  6 bats
  3 frilled lizards
  A gnoll zombie (Ossuary)
  2 goblin zombies (Ossuary)
  2 hobgoblin zombies (Ossuary)
  A jackal zombie (Ossuary)
  10 kobolds
  A kobold zombie (Ossuary)
  2 orc zombies (Ossuary)
  A quokka zombie (D:7)
  3 rats
  A rat zombie (D:7)
212 creatures vanquished.

Vanquished Creatures (collateral kills)
  2 skeletal warriors (D:10)
2 creatures vanquished.

Vanquished Creatures (others)
  2 plants (D:11)
  6 withered plants (D:6)
8 creatures vanquished.

Grand Total: 222 creatures vanquished

Notes
Turn   | Place    | Note
-------+----------+-------------------------------------------
     0 | D:1      | Gabide the Deep Dwarf Hunter began the quest for the Orb.
     0 | D:1      | Reached XP level 1. HP: 19/19 MP: 1/1
   444 | D:1      | Reached XP level 2. HP: 26/26 MP: 2/2
   494 | D:1      | Reached skill level 5 in Crossbows
   917 | D:1      | Found a faded altar of an unknown god.
   927 | D:1      | Prayed at the altar of an unknown god.
   927 | D:1      | Became a worshipper of Zin the Law-Giver
   927 | D:1      | Reached * piety under Zin
  1060 | D:2      | Reached XP level 3. HP: 29/32 MP: 3/3
  1078 | D:2      | Reached skill level 6 in Crossbows
  1127 | D:2      | Reached XP level 4. HP: 22/39 MP: 4/4
  1177 | D:2      | Found a shimmering altar of Xom.
  1269 | D:2      | Reached ** piety under Zin
  1458 | D:2      | You fall into a shaft and drop 1 floor!
  1458 | D:3      | Noticed Robin
  1461 | D:3      | Noticed Sigmund
  1468 | D:3      | Gained mutation: You passively map the area around you.
                  | [potion of mutation]
  1468 | D:3      | Lost mutation: You passively map the area around you.
                  | [potion of mutation]
  1791 | D:3      | Noticed Terence
  1797 | D:3      | Killed Terence
  1832 | D:3      | Killed Robin
  1908 | D:3      | Killed Sigmund
  1909 | D:3      | Reached skill level 8 in Crossbows
  1909 | D:3      | Reached XP level 5. HP: 42/45 MP: 3/3
  1909 | D:3      | Reached XP level 6. HP: 48/52 MP: 4/4
  2353 | D:3      | Found a blossoming altar of Fedhas.
  2562 | D:3      | Found a runed translucent door.
  2563 | D:3      | Noticed Crazy Yiuf
  2567 | D:3      | Donated 48 gold pieces to Zin
  2577 | D:3      | Killed Crazy Yiuf
  2770 | D:4      | Identified the +2 leather armour "Xifiluch" {+Inv rCorr}
  2875 | D:4      | Reached skill level 9 in Crossbows
  2919 | D:4      | Reached XP level 7. HP: 42/58 MP: 5/5
  3193 | D:5      | Entered Level 5 of the Dungeon
  3266 | D:5      | Reached skill level 10 in Crossbows
  3283 | D:5      | Reached *** piety under Zin
  3440 | D:5      | Reached skill level 11 in Crossbows
  3450 | D:5      | Reached XP level 8. HP: 44/66 MP: 6/6
  3487 | D:5      | Found a staircase to the Ecumenical Temple.
  3684 | D:6      | Found a bloodstained altar of Trog.
  3797 | D:6      | Reached skill level 12 in Crossbows
  3803 | D:6      | Reached skill level 1 in Armour
  4086 | D:6      | Found a runed translucent gate.
  4086 | D:6      | Found a runed translucent gate.
  4086 | D:6      | Found a runed translucent gate.
  4091 | D:6      | Noticed drbro's ghost (novice FoFi)
  4091 | D:6      | Noticed Gabide's ghost (weakling BaDe)
  4191 | D:6      | Reached skill level 5 in Armour
  4512 | D:7      | Gained mutation: You passively map the area around you.
                  | [Deep Dwarf growth]
  4512 | D:7      | Reached XP level 9. HP: 73/73 MP: 7/7
  4799 | D:7      | Reached skill level 5 in Dodging
  4879 | D:7      | Found a broken altar of Ashenzari.
  4899 | D:7      | Reached **** piety under Zin
  4903 | D:7      | Found a sand-covered staircase.
  4975 | Ossuary  | Entered an ossuary
  5098 | Ossuary  | Reached ***** piety under Zin
  5716 | D:8      | Donated 133 gold pieces to Zin
  5773 | D:8      | Reached skill level 5 in Fighting
  5773 | D:8      | Reached skill level 1 in Axes
  5894 | D:8      | Noticed a two-headed ogre
  5978 | D:8      | Killed a two-headed ogre
  5979 | D:8      | Reached skill level 1 in Invocations
  6002 | D:8      | Reached XP level 10. HP: 69/88 MP: 7/9
  6241 | D:8      | Found Riqigg's Magic Scroll Boutique.
  6249 | D:8      | Bought a scroll of identify for 26 gold pieces
  6249 | D:8      | Bought a scroll of fear for 45 gold pieces
  6249 | D:8      | Bought a scroll of identify for 26 gold pieces
  6249 | D:8      | Bought a scroll of identify for 26 gold pieces
  6361 | D:8      | Found a glowing golden altar of the Shining One.
  6480 | D:8      | Reached skill level 5 in Invocations
  6562 | D:9      | Noticed Maggie
  6590 | D:9      | Killed Maggie
  7043 | D:9      | Reached ****** piety under Zin
  7107 | D:9      | Found a stormy altar of Qazlal.
  7128 | D:9      | Found a snail-covered altar of Cheibriados.
  7338 | D:10     | Entered Level 10 of the Dungeon
  7338 | D:10     | Noticed a two-headed ogre
  7468 | D:10     | Killed a two-headed ogre
  7511 | D:10     | Noticed a skeletal warrior
  7512 | D:10     | Noticed a skeletal warrior
  7515 | D:10     | Noticed a skeletal warrior
  7747 | D:10     | Reached skill level 10 in Armour
  7865 | D:10     | Donated 95 gold pieces to Zin
  7884 | D:10     | Killed a skeletal warrior
  7885 | D:10     | Reached XP level 11. HP: 6/94 MP: 7/7
  7901 | D:10     | Killed a skeletal warrior
  8237 | D:11     | Found a staircase to the Lair.
  8348 | D:11     | Noticed a boulder beetle
  8369 | D:11     | Killed a boulder beetle
  8563 | D:11     | Noticed a skeletal warrior
  8563 | D:11     | Noticed a skeletal warrior
  8564 | D:11     | Noticed a skeletal warrior
  8566 | D:11     | Noticed a skeletal warrior
  8618 | D:10     | Slain by a skeletal warrior

Illustrated notes

Levels and vault maps discovered:
D:1:      sevenhm_arrival_forest_fort_small_1, layout_basic,
          shapermc_ecumenical_altar_flowoftime, minmay_hedge_maze,
          roderic_roman_lattice, minmay_misc_feat_enclosed, minivault_19
D:2:      layout_loops_cross, kennysheep_flooded_box
D:3:      layout_basic, fedhas_altar_4, uniq_sigmund, uniq_terence,
          uniq_crazy_yiuf_cottage, uniq_robin
D:4:      layout_rooms
D:5:      layout_rooms, minmay_temple_entry_overgrown
D:6:      layout_loops_cross, trog_ov_bears_minmay, gammafunk_ghost_cemetery
D:7:      layout_gridville, cheibrodos_ashenzari_chains, enter_ossuary_4
D:8:      layout_rooms, mainiacjoe_overflow_alcove_4, serial_shops,
          shop_fountains
D:9:      layout_small_grid, mainiacjoe_overflow_swirl, uniq_maggie
D:10:     layout_roguey
D:11:     layout_irregular_city, david_lair_generic

Skill      XL: |  1  2  3  4  5  6  7  8  9 10 11 |
---------------+----------------------------------+-----
Crossbows      | 5 6 8 9 11 12 | 12.0
Armour         | 5 10 | 10.0
Dodging        | 4 5 6 9 |  9.4
Fighting       | 5 |  5.0
Axes           | 6 |  6.0
Invocations    | 2 6 |  6.0
Stealth        | |  1.2

Action                   |  1- 3 |  4- 6 |  7- 9 | 10-12 || total
-------------------------+-------+-------+-------+-------++-------
Melee: Dagger            |       |     2 |       |       ||     2
       War axe           |       |       |     1 |       ||     1
       Battleaxe         |       |       |       |    63 ||    63
 Fire: Hand crossbow     |    56 |   113 |   358 |   291 ||   818
Invok: Recite            |     1 |     3 |    17 |    18 ||    39
       Donate Gold       |       |     1 |     1 |     1 ||     3
       Vitalisation      |       |     1 |       |     4 ||     5
 Abil: Heal Wounds       |       |     3 |     5 |    17 ||    25
Evoke: Wand              |       |       |       |     4 ||     4
  Use: Potion            |       |     2 |     2 |     1 ||     5
       Scroll            |       |     4 |     7 |    13 ||    24
 Stab: Paralysed         |       |       |       |     9 ||     9
Armor: Leather armour    |     3 |     3 |    37 |       ||    43
       Ring mail         |    10 |    31 |   141 |   143 ||   325
Dodge: Dodged            |    14 |    53 |   259 |   198 ||   524
